 Dungeon Crawl Stone Soup version 0.31.0-1-g2c135a0 (webtiles) character file.

Game seed: 12387820204949594465

259 edsrzf the Ruffian (level 5, -2/39 HPs)
             Began as a Demigod Shapeshifter on Jan 28, 2024.
             Slain by a bullfrog (5 damage)
             ... in a sewer on Jan 29, 2024.
             The game lasted 00:08:03 (3097 turns).

edsrzf the Ruffian (Demigod Shapeshifter)           Turns: 3097, Time: 00:08:04

Health: -2/39      AC:  2    Str: 19    XL:     5   Next: 62%
Magic:  7/7        EV: 12    Int: 12    God:
Gold:   89         SH:  0    Dex: 13    Spells: 4/4 levels left

rFire   + .          .
                       - Unarmed
rCold   . . .        (no shield)
rNeg    . . .        a - +0 animal skin
rPois   .            (helmet currently unavailable)
rElec   .            (cloak currently unavailable)
rCorr   .            (gloves currently unavailable)
SInv    .            (boots currently unavailable)
Will    +....        (no amulet)
Stlth   +            h - ring of protection from fire
HPRegen 0.26/turn    (no ring)
MPRegen 0.10/turn

%: no passive effects
@: beast-form, enlightened, flying, hasted, very quick
A: beast (slay +2), high MP 1, forlorn, divine attributes
a: Begin Untransformation


You were in a sewer.
You were a hulking beast.
You visited 1 branch of the dungeon, and saw 3 of its levels.
You also visited: Sewer.

You collected 89 gold pieces.

Inventory:

Missiles
 g - 42 stones (quivered)
 m - 7 poisoned darts
Armour
 a - a +0 animal skin (worn)
Jewellery
 h - a ring of protection from fire (left hand)
Talismans
 c - a beast talisman
 d - a flux talisman
Scrolls
 b - a scroll of fog {unknown}
 e - a scroll of blinking {unknown}
 f - 3 scrolls of enchant weapon
 i - 3 scrolls of teleportation {@r3}
 j - a scroll of fear {unknown}
 r - a scroll of identify {unknown}
 s - 2 scrolls of amnesia {unknown}
 t - a scroll of revelation {unknown}
Potions
 k - a potion of enlightenment
 o - a potion of attraction
 q - a potion of brilliance


   Skills:
 - Level 0.8 Fighting
 - Level 1.7 Dodging
 + Level 4.6 Unarmed Combat
 + Level 4.4 Shapeshifting


You had 4 spell levels left.
You didn't know any spells.
Your spell library contained the following spells:

 Spells                   Type           Power      Damage    Failure   Level
 Call Imp                 Summ           0%         N/A       45%         2
 Sublimation of Blood     Necr           0%         N/A       45%         2
 Summon Hydra             Summ           0%         N/A       100%        7


Dungeon Overview and Level Annotations

Branches:
Dungeon (3/15)              Sewer (1/1)

Annotations:
D:3 1 runed translucent door


Innate Abilities, Weirdness & Mutations

You are a hulking beast.
Your limbs bulge with bestial killing power. (Slay +2)
You have an increased reservoir of magic. (+10% MP)
You shall have no god before yourself.
Your divine heritage dramatically boosts your attributes as you level up.


Message History

Done waiting.
You start waiting.
A dart slug is nearby!
The dart slug launches a dart at you. The slug dart hits you.
You enter the shallow water.
Moving in this stuff is going to be slow.
You start resting.
HP restored.
You hit the dart slug.
The dart slug is moderately wounded.
You punch the dart slug!
You kill the dart slug!
You enter the shallow water.
Moving in this stuff is going to be slow.
You see here a dart slug corpse.
The dart slug launches a dart at you. The slug dart misses you.
The dart slug launches a dart at you. The slug dart hits you.
The dart slug launches a dart at you. The slug dart hits you.
The dart slug launches a dart at you. The slug dart hits you.
You start resting.
HP restored.
The dart slug launches a dart at you. The slug dart hits you.
You enter the shallow water.
Moving in this stuff is going to be slow.
A dart slug comes into view.
The dart slug launches a dart at you. The slug dart hits you.
The dart slug launches a dart at you. The slug dart hits you.
The dart slug launches a dart at you. The slug dart hits you.
The dart slug launches a dart at you. The slug dart misses you.
The dart slug launches a dart at you. The slug dart hits you.
The dart slug launches a dart at you. The slug dart misses you.
The dart slug launches a dart at you. The slug dart hits you.
Found a gate leading back out of this place.
The dart slug launches a dart at you. The slug dart hits you.
You enter the shallow water.
Moving in this stuff is going to be slow.
A dart slug comes into view.
The dart slug launches a dart at you. The slug dart misses you.
The dart slug launches a dart at you. The slug dart hits you.
The dart slug launches a dart at you. The slug dart hits you.
A bullfrog comes into view.
The bullfrog croaks.
The dart slug barely misses you.
You hit the dart slug.
The dart slug is moderately wounded.
The dart slug barely misses you.
You hit the dart slug.
The dart slug is heavily wounded.
The bullfrog closely misses you.
The dart slug splashes around in the water.
Okay, then.
It was a potion of enlightenment.
You feel very buoyant.
You fly up into the air.
The bullfrog closely misses you. The bullfrog barely misses you.
Okay, then.
The bullfrog closely misses you. The dart slug launches a dart at you.
The slug dart hits you.
The bullfrog releases a deep croak.
The bullfrog barely misses you.
You barely miss the bullfrog. The bullfrog barely misses you.
You closely miss the bullfrog. The bullfrog hits you.
* * * LOW HITPOINT WARNING * * *
The bullfrog misses you.
It was a potion of magic.
Magic courses through your body. The bullfrog barely misses you.
It was a potion of haste.
You feel yourself speed up. The bullfrog barely misses you. x2
You closely miss the bullfrog. The bullfrog hits you!
* * * LOW HITPOINT WARNING * * *
Okay, then.
Okay, then.
Okay, then.
Okay, then.
Press: ? - help, v - describe, . - travel
Here: a bullfrog (water) Some deep water.
Okay, then.
Okay, then.
Okay, then.
The bullfrog attacks as it pursues you! The bullfrog hits you.
You die...

######################
#...~.~.~~.†~.!.......
#.~~~~################
#.~≈~~# #.~≈≈~#
#.~≈~.# # #.~≈≈~#
###≈≈ #.~≈≈≈# ##≈≈≈≈≈
#~~≈≈h##≈≈≈~≈≈≈
#~~≈≈F#≈≈w~∩.≈≈
#~~≈≈≈≈≈≈≈~...≈≈..~≈≈
#~~≈~≈≈w≈≈.~~.~:(..~≈≈
#~~≈~~~≈B≈≈~.~~[$[.≈≈≈
#~~≈~~≈≈≈B≈≈.~~~?.≈≈≈≈
#~~≈~~~≈≈≈ww~~~..≈≈≈≈≈
#~~≈~~~≈≈≈≈~.~.≈≈≈≈≈≈~
#.~≈~.~≈≈≈≈≈≈≈≈≈≈≈≈≈~≈


You could see a bullfrog, 2 dart slugs and 2 giant cockroaches.

Vanquished Creatures
  A bombardier beetle (D:3)
  An iguana (D:3)
  Robin (D:2)
  8 adders
  7 dart slugs
  A ribbon worm (D:2)
  6 endoplasms
  14 giant cockroaches
  11 goblins
  5 hobgoblins
  3 jackals
  5 quokkas
  10 ball pythons
  7 bats
  11 frilled lizards
  5 kobolds
  6 rats
102 creatures vanquished.

Notes
Turn   | Place    | Note
-------+----------+-------------------------------------------
     0 | D:1      | edsrzf the Demigod Shapeshifter began the quest for the
                  | Orb.
     0 | D:1      | Reached XP level 1. HP: 15/15 MP: 3/3
    99 | D:1      | Reached skill level 3 in Unarmed Combat
   314 | D:1      | Reached skill level 3 in Shapeshifting
   314 | D:1      | Reached XP level 2. HP: 12/22 MP: 4/4
  1182 | D:2      | Identified 2 potions of degeneration
  1293 | D:2      | Reached XP level 3. HP: 24/27 MP: 5/5
  1385 | D:2      | Noticed Robin
  1434 | D:2      | Killed Robin
  1709 | D:2      | Reached XP level 4. HP: 31/34 MP: 6/6
  2140 | D:3      | Reached skill level 4 in Unarmed Combat
  2155 | D:3      | Found a runed translucent door.
  2183 | D:3      | Identified 2 scrolls of enchant weapon
  2184 | D:3      | Identified 2 scrolls of teleportation
  2240 | D:3      | Identified 2 potions of attraction
  2241 | D:3      | Identified 2 potions of brilliance
  2242 | D:3      | Identified a potion of ambrosia
  2257 | D:3      | Reached skill level 4 in Shapeshifting
  2263 | D:3      | Identified a potion of resistance
  2264 | D:3      | Identified a potion of heal wounds
  2273 | D:3      | Reached XP level 5. HP: 32/39 MP: 7/7
  2445 | D:3      | Found a glowing drain.
  2467 | Sewer    | Entered a sewer
  3089 | Sewer    | Identified 2 potions of enlightenment
  3094 | Sewer    | Identified a potion of magic
  3095 | Sewer    | Identified a potion of haste
  3097 | Sewer    | Slain by a bullfrog

Illustrated notes

Levels and vault maps discovered:
D:1:      heliophobic_arrival_enchanted_forest, layout_basic,
          minmay_misc_feat_nine_boxes, hangedman_feature_mirror
D:2:      minmay_recursive_quarters, layout_basic, uniq_robin
D:3:      minmay_spotlight, layout_rooms, gup_sewer_entry_pipe,
          ebering_ghost_inner_flame
Sewer:    sewer_frog_island_01

Skill      XL: |  1  2  3  4 |
---------------+-------------+-----
Unarmed Combat | 3 4 |  4.6
Shapeshifting  | 3 4 |  4.4
Fighting       | |  0.8
Dodging        | |  1.7

Action                     |  1- 3 |  4- 6 || total
---------------------------+-------+-------++-------
  Melee: Unarmed           |   169 |   151 ||   320
         Punch             |     7 |     4 ||    11
  Throw: Dart              |       |     2 ||     2
         Stone             |       |     2 ||     2
    Use: Potion            |     2 |     8 ||    10
         Scroll            |       |     2 ||     2
   Stab: Sleeping          |     2 |     1 ||     3
 Armour: Animal skin       |    75 |    87 ||   162
         Skin              |    49 |       ||    49
  Dodge: Dodged            |    92 |   106 ||   198
